Map: Acid Plant LE

Players

Stephano

  • Race: Zerg Zerg
  • Spawn Location: 5:00

souL - Winner!

  • Race: Terran Terran
  • Spawn Location: 11:00

Event: IEM Season 12 - Katowice

VOD

Have the link to the VOD?

Description

Time

  • Played on: Feb. 26, 2018, 6:26 a.m.
  • Length: 12:31

All games in this series

Show
View Real Time Build Order
Export as new Build Order

Stephano Zerg 

Build Orders: Hatch First 

Get SALT Encoding   

  12  0:00  Drone  
  13  0:13  Overlord  
  13  0:17  Drone  
  14  0:31  Drone x2  
  16  0:47  Hatchery  
  15  0:51  Drone  
  15  0:55  Drone  
  17  0:58  Drone  
  18  1:08  Extractor  
  17  1:13  Spawning Pool  
  17  1:17  Drone  
  17  1:20  Drone  
  18  1:29  Drone  
  19  1:40  Drone  
  20  1:59  Queen  
  20  2:01  Queen  
  24  2:02  Zergling x4  
  24  2:03  Overlord  
  26  2:15  Metabolic Boost  
  26  2:25  Drone x4  
  30  2:36  Hatchery  
  29  2:41  Queen  
  31  2:46  Drone  
  31  2:50  Drone  
  33  2:52  Overlord  
  33  2:54  Drone  
  33  2:56  Drone  
  35  2:59  Drone  
  35  3:05  Overlord  
  36  3:14  Drone  
  36  3:15  Drone x2  
  36  3:17  Drone x2  
  36  3:18  Queen  
  43  3:25  Overlord  
  42  3:30  Zergling x2  
  42  3:33  Queen  
  45  3:40  Drone x5  
  50  3:48  Drone x2  
  52  3:52  Drone x4  
  56  4:08  Overlord x2, Zergling x2  
  57  4:13  Overlord  
  57  4:16  Overlord  
  57  4:23  Overlord  
  57  4:26  Spore Crawler, Queen  
  57  4:28  Evolution Chamber x2, Zergling x6  
  59  4:32  Drone x2  
  59  4:36  Queen  
  63  4:39  Zergling x2  
  63  4:41  Zergling x4  
  63  4:45  Drone, Queen  
  67  4:46  Drone  
  67  4:47  Drone x2  
  67  4:50  Spine Crawler  
  71  4:57  Spore Crawler  
  71  4:58  Zergling x8  
  71  4:59  Zergling x2  
  75  5:09  Zergling x10  
  58  5:29  Zergling x14  
  60  5:40  Zergling x6  
  57  5:45  Queen  
  51  5:50  Zergling x6  
  51  5:56  Zerg Melee Weapons Level 1, Zerg Ground Armor Level 1  
  48  5:57  Zergling x10  
  48  6:00  Spore Crawler  
  47  6:05  Zergling x2  
  43  6:11  Zergling x6  
  43  6:16  Queen  
  44  6:25  Drone x4  
  43  6:40  Spawning Pool  
  43  6:44  Drone x2  
  44  6:48  Drone  
  44  6:49  Drone  
  44  6:53  Drone x2  
  48  6:57  Drone  
  48  7:01  Drone x3  
  51  7:05  Extractor  
  50  7:10  Drone x4  
  54  7:18  Drone x2  
  57  7:44  Drone x11  
  65  7:46  Queen, Lair  
  65  7:50  Drone  
  66  7:59  Extractor x2  
  66  8:05  Roach Warren, Zergling x12  
  68  8:15  Zerg Missile Weapons Level 1  
  68  8:17  Zergling x8  
  72  8:22  Drone  
  72  8:26  Queen  
  75  8:28  Drone x3  
  75  8:30  Overlord  
  75  8:32  Zergling x8  
  82  8:44  Glial Reconstitution  
  82  8:45  Zerg Ground Armor Level 2  
  82  8:47  Roach x4  
  89  8:58  Drone x5  
  89  9:00  Extractor  
  89  9:01  Extractor  
  89  9:02  Roach x4  
  100  9:06  Queen x2  
  104  9:10  Roach  
  104  9:11  Overlord x2  
  106  9:27  Hatchery  
  103  9:40  Roach x8  
  103  9:43  Burrow  
  119  9:54  Roach  
  119  9:55  Overlord x4  
  119  10:03  Tunneling Claws  
  119  10:08  Overlord  
  119  10:13  Roach x7  
  133  10:15  Ravager x3  
  128  10:32  Overseer  
  119  10:36  Roach  
  119  10:37  Roach x10  
  141  10:44  Ravager x2  
  141  10:49  Roach x3  
  149  10:51  Drone x4  
  153  10:58  Ravager x2  
  153  11:02  Roach x2  
  152  11:21  Roach x4  
  153  11:34  Overlord x3  
  153  11:43  Roach  
  153  11:44  Roach x3  
  153  11:45  Roach x3  
  153  11:46  Roach x5  
  140  11:56  Roach x5  
  140  11:57  Roach x12  
  129  12:07  Roach  
  129  12:08  Roach x2  
Show
View Real Time Build Order
Export as new Build Order

souL Terran - Winner!

Build Orders: Gas First Reaper Expand, Reaper Expand, Hellion Banshee, MMM Bio 

Get SALT Encoding   

  12  0:00  SCV  
  13  0:12  SCV  
  14  0:17  Supply Depot  
  14  0:24  SCV  
  15  0:31  Refinery  
  15  0:38  SCV  
  16  0:45  Barracks  
  16  0:50  SCV  
  17  1:02  SCV  
  18  1:15  SCV  
  19  1:32  Reaper, Orbital Command  
  20  1:43  Command Center  
  20  1:55  Factory  
  20  1:57  SCV  
  21  2:07  Barracks Reactor  
  21  2:09  SCV  
  21  2:12  Supply Depot  
  22  2:16  Refinery  
  22  2:23  SCV  
  23  2:35  SCV  
  24  2:43  Starport  
  24  2:50  Hellion x2  
  24  2:51  SCV  
  29  2:52  Barracks Tech Lab  
  29  2:56  Orbital Command  
  29  3:03  SCV  
  30  3:11  Hellion x2  
  34  3:15  SCV  
  35  3:20  Viking  
  35  3:23  SCV  
  38  3:29  SCV  
  39  3:35  Supply Depot  
  39  3:36  SCV  
  39  3:37  Concussive Shells  
  43  3:41  SCV  
  43  3:49  SCV, Hellion  
  46  3:56  Hellion  
  46  3:57  SCV, Marauder  
  46  3:58  Supply Depot  
  49  4:05  Medivac  
  49  4:07  SCV, Armory  
  49  4:09  SCV  
  53  4:19  SCV  
  53  4:20  Hellion x2  
  53  4:21  SCV  
  53  4:23  Supply Depot  
  59  4:31  SCV  
  60  4:39  SCV  
  60  4:41  Cloaking Field  
  60  4:44  Banshee  
  60  4:45  Hellion  
  66  4:47  SCV  
  67  4:53  SCV  
  67  4:59  Command Center  
  68  5:00  SCV  
  69  5:11  SCV  
  70  5:20  Supply Depot x2  
  70  5:22  Hellion  
  70  5:30  Hellion  
  70  5:40  SCV x2  
  70  5:41  Banshee  
  73  5:44  Hellion  
  73  5:47  Barracks Tech Lab  
  73  5:49  Barracks  
  71  5:50  Barracks  
  71  5:52  Hellion, SCV x2  
  75  6:03  Engineering Bay  
  77  6:04  SCV x2, Engineering Bay  
  79  6:13  Orbital Command  
  79  6:16  SCV x2  
  79  6:17  Refinery x2  
  73  6:28  Supply Depot, SCV x2, Stimpack, Marine, Factory Reactor  
  67  6:34  Terran Infantry Armor Level 1, Terran Infantry Weapons Level 1  
  67  6:36  Barracks x2  
  67  6:37  Starport Reactor  
  64  6:40  SCV x2  
  64  6:42  Barracks Reactor  
  64  6:44  SCV  
  67  6:48  Marine  
  67  6:51  Marine x2  
  67  6:52  SCV x2  
  73  7:01  SCV  
  73  7:04  SCV x2  
  73  7:06  Bunker, Marine  
  76  7:09  Marine x2  
  76  7:13  SCV  
  76  7:15  Supply Depot x3  
  79  7:16  SCV  
  79  7:18  Marine, Medivac  
  79  7:20  Medivac  
  79  7:22  Marine  
  86  7:23  Marine  
  86  7:27  Barracks Reactor x2, SCV, Marine x2  
  86  7:29  SCV  
  91  7:33  SCV  
  92  7:37  Supply Depot  
  92  7:38  Supply Depot, Marine  
  92  7:39  SCV  
  92  7:41  SCV, Marine  
  92  7:42  Marine  
  91  7:44  Marine  
  91  7:45  Marine  
  91  7:48  Medivac  
  93  7:56  Marine  
  94  7:58  Refinery  
  94  7:59  Marine  
  94  8:00  Marine  
  94  8:02  Marine x2  
  94  8:04  Liberator  
  94  8:05  Marine x3  
  98  8:06  Marine  
  98  8:09  Siege Tank  
  98  8:11  Medivac  
  107  8:14  Marine  
  107  8:15  Terran Vehicle Weapons Level 1  
  107  8:17  Marine  
  107  8:18  Marine  
  112  8:20  Marine x2  
  112  8:26  Supply Depot, Marine  
  116  8:27  Barracks  
  116  8:28  Supply Depot, Barracks  
  116  8:29  Sensor Tower, Command Center, Barracks, Combat Shields  
  116  8:33  Marine  
  117  8:35  Marauder  
  117  8:36  Marine  
  120  8:43  Medivac  
  120  8:44  Terran Infantry Weapons Level 2  
  120  8:46  Marine  
  120  8:47  Marine x3  
  126  8:52  Terran Infantry Armor Level 2  
  126  8:54  Marine  
  127  8:57  Marauder  
  127  9:00  Marine x3  
  132  9:04  Supply Depot, Marine x4  
  132  9:05  Supply Depot  
  132  9:08  Medivac  
  138  9:13  Marine  
  138  9:15  Barracks Tech Lab  
  140  9:17  Barracks Tech Lab x2  
  140  9:18  Marine x2, Marauder  
  140  9:23  Siege Tank, Marine  
  147  9:26  Marine, Medivac  
  147  9:28  Supply Depot, Marine  
  150  9:35  Marine, Marauder  
  153  9:39  Marine, Marauder  
  153  9:41  Factory, Marine, Refinery  
  157  9:45  Marine  
  157  9:46  Marine x4, Marauder  
  157  9:50  Marine  
  165  9:54  Marine  
  165  9:57  Marauder  
  165  10:00  Missile Turret  
  165  10:01  Marauder  
  165  10:02  Siege Tank, Marine  
  170  10:08  Marine, Marauder x2  
  170  10:11  SCV x2  
  170  10:14  SCV  
  178  10:15  Marine  
  178  10:18  Marauder  
  178  10:20  Marine  
  181  10:24  Marine  
  181  10:27  Marine, Marauder  
  183  10:28  Marine  
  183  10:30  Marine  
  183  10:31  Marine x3  
  183  10:34  Marine  
  185  10:37  Siege Tank, Liberator  
  185  10:38  Liberator  
  185  10:40  Marine  
  185  10:41  Marauder  
  188  10:43  Marauder  
  188  10:47  Planetary Fortress  
  196  11:13  Marine  
  196  11:14  Marauder  
  196  11:21  Marine x2  
  196  11:22  Marine  
  196  11:28  Ghost Academy  
  196  11:29  Refinery  
  196  11:30  Refinery  
  196  11:53  Marine x2  
  196  11:54  Marine, Marauder  
  194  11:55  Marauder  
  194  11:56  Marine, Marauder  
  194  11:57  Marine x2  
  194  11:58  Marine x3  
  182  12:11  Marine x3  
  172  12:30  Missile Turret  

Tags
 
Add a new tag
Caveats
  • Supply blocks, unpowered buildings, or Contaminate may cause inaccurate times.
  • Supply counts are checked every 10 seconds.